 Dungeon Crawl Stone Soup version 0.30.0-20-g3615ddf2f0 (webtiles) character file.

Game seed: 3274479090288259723

68619 qw the Severer (level 15, 0/96 HPs)
             Began as a Gargoyle Fighter on May 30, 2023.
             Was an Elder of Okawaru.
             Slain by a centaur warrior
             ... wielding a +0 dagger
              (4 damage)
             ... on level 13 of the Dungeon on May 31, 2023.
             The game lasted 00:55:48 (36784 turns).

qw the Severer (Gargoyle Fighter)                  Turns: 36784, Time: 00:55:49

Health: 0/96       AC: 48    Str: 27    XL:     15   Next: 27%
Magic:  21/22      EV: 10    Int:  6    God:    Okawaru [****..]
Gold:   1101       SH: 11    Dex:  9    Spells: 14/14 levels left

rFire   + . .        Y - +5 broad axe (protect)
rCold   + . .        x - -2 kite shield of the New World {rElec rN+++ Int-3 SInv}
rNeg    + + +        m - +0 plate armour
rPois   inf          l - +2 helmet
rElec   +            g - scarf of Responsibility {rC+ rF+, Will+ SInv}
rCorr   .            t - +2 pair of gloves
SInv    +            u - +0 pair of boots
Will    +++..        h - amulet of regeneration Stlth
                     f - ring of willpower
HPRegen 1.16/turn    D - +4 ring of protection
MPRegen 0.18/turn

%: no passive effects
@: about to teleport, heroic, under a protective aura, flying
A: sickness immunity, AC +11, big wings, negative energy resistance 1,
electricity resistance, torment resistance 1, petrification resistance
a: Renounce Religion, Heroism, Finesse


You were on level 13 of the Dungeon.
You worshipped Okawaru.
Okawaru was greatly pleased with you.
You visited 3 branches of the dungeon, and saw 19 of its levels.
You also visited: Sewer.

You collected 1101 gold pieces.


Innate Abilities, Weirdness & Mutations

You are immune to sickness and miasma.
Your stone body is resilient. (AC +11)
You are immune to poison.
Your large and strong wings let you fly.
You resist negative energy. (rN+)
You are resistant to electric shocks. (rElec)
You are resistant to unholy torment.
You are immune to petrification.


   Skills:
 - Level 12.0(17.0) Fighting
 + Level 15.6(20.6) Axes
 - Level 5.2(10.2) Throwing
 - Level 11.0(16.0) Armour
 - Level 2.7(7.7) Dodging
 - Level 12.0(17.0) Shields
 - Level 10.0 Invocations


You had 14 spell levels left.
You didn't know any spells.
Your spell library was empty.

Inventory:

Hand Weapons
 B - a +3 broad axe of flaming
 Y - a +5 broad axe of protection (weapon)
Missiles
 a - 4 boomerangs
 v - 14 javelins (quivered)
 y - 3 silver boomerangs
Armour
 c - the +3 buckler "Roecwoj" {rElec rC+}
   (Okawaru gifted it to you on level 5 of the Lair of Beasts)

   rC:        It protects you from cold.
   rElec:     It insulates you from electricity.
 g - the scarf of Responsibility (worn) {rC+ rF+, Will+ SInv}
   (You acquired it on level 4 of the Dungeon)

   SInv:      It lets you see invisible.
   Will:      It increases your willpower.
 l - a +2 helmet (worn)
 m - a +0 plate armour (worn)
 n - a +0 cloak
 p - a +7 chain mail of ponderousness
 t - a +2 pair of gloves (worn)
 u - a +0 pair of boots (worn)
 x - the -2 kite shield of the New World (worn) {rElec rN+++ Int-3 SInv}
   (You acquired it on level 5 of the Lair of Beasts)

   Int:       It affects your intelligence (-3).
   rElec:     It insulates you from electricity.
   rN:        It renders you almost immune to negative energy.
   SInv:      It lets you see invisible.
Jewellery
 f - a ring of willpower (left hand)
 h - an amulet of regeneration (around neck)
 D - a +4 ring of protection (right hand)
Wands
 C - a wand of digging (9)
Scrolls
 k - 14 scrolls of identify
Potions
 b - 2 potions of resistance
 d - 2 potions of might
 e - 9 potions of curing
 i - 2 potions of lignification
 o - a potion of cancellation
 q - 3 potions of attraction
 r - 2 potions of mutation
 s - 4 potions of haste
 w - a potion of magic

Dungeon Overview and Level Annotations

Branches:
Dungeon (13/15)            Temple (1/1) D:4            Lair (5/5) D:10
  Swamp (0/4) Lair:2        Snake (0/4) Lair:3        Slime (0/5) Lair:5
    Orc (0/2) D:11          Sewer (visited)
 Vaults: D:13-14

Altars:
Ashenzari
Cheibriados
Dithmenos
Elyvilon
Fedhas
Gozag
Hepliaklqana
Kikubaaqudgha
Makhleb
Nemelex Xobeh
Okawaru
Qazlal
Ru
Sif Muna
Trog
Uskayaw
Vehumet
Wu Jian
Xom
Yredelemnul
Zin
The Shining One
Lugonu

Shops:
D:5 :

Annotations:
D:4 3 runed translucent doors, qw's ghost, amateur GrFi; qw's ghost, novice GrFi
D:6 2 transporters, qw's ghost, novice GrCA
D:10 2 transporters


Message History

A centaur warrior comes into view. It is wielding a +0 dagger.
The centaur warrior shouts!
The centaur warrior unwields a +0 dagger.
The centaur warrior wields a +4 shortbow.
The centaur warrior shoots an arrow.
The arrow barely misses you.
36775 ||| Stepping ~*~*~tactically~*~*~ (hiding).
The centaur warrior shoots an arrow.
The arrow hits you!
Found a scroll of immolation.
The centaur warrior shoots an arrow.
You block the arrow.
The centaur warrior shoots an arrow.
The arrow hits you!
Enter note:
Enter note:
Found a stone staircase leading up.
The centaur warrior shoots an arrow.
The arrow hits you!
Enter note:
Enter note:
Enter note:
36779 ||| INVOKING Heroism.
You gain the combat prowess of a mighty hero.
The centaur warrior shoots an arrow.
The arrow hits you!!
The centaur warrior shoots an arrow.
The arrow hits you!
36780 ||| READING scroll of teleportation.
As you read the scroll of teleportation, it crumbles to dust.
You feel strangely unstable.
The centaur warrior shoots an arrow.
The arrow hits you but does no damage.
The centaur warrior shoots an arrow.
The arrow hits you!
The centaur warrior shoots an arrow.
You block the arrow.
The centaur warrior unwields a +4 shortbow.
The centaur warrior wields a +0 dagger.
The centaur warrior hits you with a +0 dagger!
You block the centaur warrior's attack.
You slash the centaur warrior!
Your weapon exudes an aura of protection.
The centaur warrior is lightly wounded.
The centaur warrior closely misses you.
The centaur warrior kicks you but does no damage.
You slice the centaur warrior!!
The centaur warrior is severely wounded.
The centaur warrior hits you with a +0 dagger.
You die...

###.<....... ..........?.#.
..............
.#.....#......
.......#.....#
##.........(.####...
.............c......
.<.#........@#### .....
.............%..## .....
...........)#%...# #..#
..#..............###.##
............#.%.......######
.............%..............
......).....#.....##...^..#
..........[.#.......<.>.#
.................#......#


You could see a centaur warrior.

Vanquished Creatures
  Jorgrun (D:13)
  6 dire elephants (Lair:5)
  Josephine (D:12)
  3 hydras
  Erica (D:10)
  4 two-headed ogres
  10 death yaks
  2 boulder beetles (D:11)
  Urug (D:12)
  Sonja (D:12)
  2 skysharks
  A spectral anaconda (Lair:5)
  2 spectral death yaks (Lair:5)
  A lindwurm (Lair:3)
  An obsidian statue (Lair:5)
  4 necromancers (Lair:5)
  A manticore (D:13)
  An ugly thing (D:13)
  2 deep elf pyromancers
  20 elephants
  4 black mambas
  4 slime creatures (D:12)
  5 gargoyles
  A torpor snail (Lair:2)
  13 cane toads
  A dire elephant skeleton (Lair:5)
  A rime drake (D:10)
  5 komodo dragons
  A polar bear (D:10)
  A hornet (D:9)
  2 trolls
  7 dream sheep (Lair:5)
  21 blink frogs
  Sigmund (D:5)
  59 yaks
  A shadow (D:11)
  4 wyverns
  A ynoxinul (D:8)
  4 wraiths (D:12)
  4 basilisks
  A death yak simulacrum (Lair:5)
  4 vampire mosquitoes (D:11)
  A spectral cane toad (Lair:5)
  2 steam dragons
  3 nagas (Lair:3)
  11 water moccasins
  A swamp drake (Lair:2)
  3 orc warriors
  6 ice beasts
  26 wolves
  8 centaurs
  16 bullfrogs
  A gnoll sergeant (D:5)
  8 scorpions
  16 wights
  An elephant simulacrum (Lair:5)
  7 killer bees (D:10)
  2 howler monkeys (D:7)
  An electric eel (Lair:2)
  5 hounds (D:5)
  8 orc priests
  A jelly (D:6)
  A gnoll bouda (D:7)
  A sleepcap (D:6)
  10 iguanas
  9 orc wizards
  15 gnolls
  14 adders
  7 river rats
  2 shadow imps
  2 white imps
  2 ufetubi (D:5)
  2 worms
  2 dart slugs
  41 orcs
  10 bats
  11 endoplasms
  10 giant cockroaches
  11 goblins
  10 hobgoblins
  6 jackals
  3 quokkas (Sewer)
  14 ball pythons
  2 frilled lizards
  8 kobolds
  14 rats
  A spectral goblin (D:10)
545 creatures vanquished.

Vanquished Creatures (others)
  A human (D:6)
1 creature vanquished.

Grand Total: 546 creatures vanquished

Notes
Turn   | Place    | Note
-------+----------+-------------------------------------------
     0 | D:1      | qw the Gargoyle Fighter began the quest for the Orb.
     0 | D:1      | Reached XP level 1. HP: 14/14 MP: 1/1
     0 | D:1      | 0 ||| qw: Version: 0.2-a-102-g2b76a06
     0 | D:1      | 0 ||| qw: Game counter: 501
     0 | D:1      | 0 ||| qw: Always use a shield: true
     0 | D:1      | 0 ||| qw: God list: Okawaru
     0 | D:1      | 0 ||| qw: Allow faded altars: false
     0 | D:1      | 0 ||| qw: Do Orc after D:15 true
     0 | D:1      | 0 ||| qw: Do second Lair branch before Depths: true
     0 | D:1      | 0 ||| qw: Lair rune preference: random
     0 | D:1      | 0 ||| qw: Plans: Normal, Zot:1-4, Slime:5, God:TSO, Crypt,
                  | Tomb, Pan, Hells, Abyss, Win
     0 | D:1      | 0 ||| PLANNING D:1-11
    26 | D:1      | Reached skill level 2 in Axes
   171 | D:1      | Reached XP level 2. HP: 18/19 MP: 2/2
   268 | D:1      | 268 ||| Stepping ~*~*~tactically~*~*~ (hiding).
   495 | D:1      | Reached skill level 3 in Axes
   654 | D:1      | Reached XP level 3. HP: 23/23 MP: 3/3
   741 | D:1      | 741 ||| READING scroll labelled HOWNEI ROIWNO.
   745 | D:1      | 745 ||| READING scroll labelled LAEKYTIUZA.
   746 | D:1      | 746 ||| READING scroll labelled SANANKUREC.
   747 | D:1      | 747 ||| READING scroll labelled QURCHE GIPRORUMIU.
   748 | D:1      | 748 ||| READING scroll labelled ALAOSHI OTWAENG.
   749 | D:1      | 749 ||| DRINKING 2 fizzy black potions.
   750 | D:1      | 750 ||| DRINKING 2 orange potions.
   751 | D:1      | 751 ||| DROPPING potion of brilliance.
   825 | D:2      | Found a faded altar of an unknown god.
   876 | D:2      | Found a basalt altar of Yredelemnul.
   947 | D:2      | 947 ||| READING scroll labelled WAM BUJEHEIGH.
  1143 | D:2      | Reached XP level 4. HP: 28/28 MP: 4/4
  1342 | D:2      | Reached skill level 4 in Axes
  1810 | D:2      | 1810 ||| Stepping ~*~*~tactically~*~*~ (hiding).
  2036 | D:3      | Found a broken altar of Ashenzari.
  2070 | D:3      | 2070 ||| DRINKING 2 potions of curing.
  2070 | D:3      | 2070 ||| (to cure confusion)
  2143 | D:3      | Reached XP level 5. HP: 32/32 MP: 5/5
  2444 | D:3      | 2444 ||| Stepping ~*~*~tactically~*~*~ (stealth).
  2486 | D:3      | 2486 ||| Stepping ~*~*~tactically~*~*~ (stealth).
  2500 | D:3      | 2500 ||| Stepping ~*~*~tactically~*~*~ (stealth).
  2607 | D:3      | Identified the +11 scimitar of Eternal Harmony {flame,
                  | *Rage Int+5}
  2755 | D:3      | Found a white marble altar of Elyvilon.
  2756 | D:3      | 2756 ||| DROPPING +0 club.
  3000 | D:3      | 3000 ||| UPGRADING to +2 helmet.
  3005 | D:3      | 3005 ||| UPGRADING to ring of willpower.
  3006 | D:3      | 3006 ||| READING scroll labelled HIEG URICADGHO.
  3007 | D:3      | 3007 ||| READING scroll labelled AMUUGU NAFYE.
  3031 | D:4      | Found a radiant altar of Vehumet.
  3071 | D:4      | 3071 ||| DROPPING +4 whip.
  3078 | D:4      | 3078 ||| Stepping ~*~*~tactically~*~*~ (stealth).
  3078 | D:4      | Found a staircase to the Ecumenical Temple.
  3079 | D:4      | 3079 ||| PLANNING TEMPLE
  3079 | D:4      | 3079 ||| READING scroll labelled SEMEME FEOG.
  3082 | D:4      | 3082 ||| DRINKING 2 golden potions.
  3105 | Temple   | Entered the Ecumenical Temple
  3198 | Temple   | 3198 ||| PLANNING OKAWARU WORSHIP
  3308 | Temple   | Became a worshipper of Warmaster Okawaru
  3308 | Temple   | 3308 ||| PLANNING D:1-11
  3337 | D:4      | Reached skill level 5 in Axes
  3369 | D:4      | Found a runed translucent gate.
  3529 | D:4      | 3529 ||| Stepping ~*~*~tactically~*~*~ (stealth).
  3636 | D:4      | Found a runed translucent gate.
  3636 | D:4      | Found a runed translucent gate.
  3640 | D:4      | Noticed qw's ghost (amateur GrFi)
  3640 | D:4      | Noticed qw's ghost (novice GrFi)
  3918 | D:4      | Reached XP level 6. HP: 39/39 MP: 6/6
  4192 | D:4      | 4192 ||| READING scroll labelled ONLUDD ZESAAM.
  4192 | D:4      | Identified a scroll of acquirement
  4192 | D:4      | 4192 ||| ACQUIRING scarf of Responsibility {rC+ rF+, Will+
                  | SInv}
  4192 | D:4      | Acquired the scarf of Responsibility {rC+ rF+, Will+ SInv}
  4194 | D:4      | 4194 ||| UPGRADING to scarf of Responsibility {rC+ rF+,
                  | Will+ SInv}.
  4199 | D:4      | 4199 ||| READING scroll labelled XAIKHL BAEZXOW.
  4225 | D:5      | Entered Level 5 of the Dungeon
  4258 | D:5      | Found Finyecwifo's Book Shoppe.
  4363 | D:5      | Noticed Sigmund
  4372 | D:5      | Killed Sigmund
  4372 | D:5      | Reached * piety under Okawaru
  4373 | D:5      | Reached XP level 7. HP: 44/44 MP: 7/7
  4426 | D:5      | 4426 ||| INVOKING Heroism.
  4435 | D:5      | Reached skill level 1 in Invocations
  4478 | D:5      | 4478 ||| Stepping ~*~*~tactically~*~*~ (hiding).
  4481 | D:5      | 4481 ||| Stepping ~*~*~tactically~*~*~ (hiding).
  4482 | D:5      | 4482 ||| Stepping ~*~*~tactically~*~*~ (hiding).
  4483 | D:5      | 4483 ||| Stepping ~*~*~tactically~*~*~ (hiding).
  4485 | D:5      | 4485 ||| Stepping ~*~*~tactically~*~*~ (hiding).
  4596 | D:5      | You fall into a shaft and drop 2 floors!
  4631 | D:7      | 4631 ||| READING scroll labelled TIUSUO ZOUCVIA.
  4632 | D:7      | 4632 ||| DRINKING 2 sedimented orange potions.
  4633 | D:7      | 4633 ||| DRINKING 4 potions of curing.
  4633 | D:7      | 4633 ||| (to cure confusion)
  4634 | D:7      | 4634 ||| DROPPING potion of ambrosia.
  4644 | D:6      | 4644 ||| PLANNING SEWER
  4832 | D:6      | Found an ancient bone altar of Kikubaaqudgha.
  4833 | D:6      | Noticed a human
  4835 | D:6      | Killed a human
  4850 | D:6      | 4850 ||| Stepping ~*~*~tactically~*~*~ (hiding).
  4863 | D:6      | 4863 ||| INVOKING Heroism.
  4873 | D:6      | 4873 ||| INVOKING Heroism.
  4981 | D:6      | Noticed qw's ghost (novice GrCA)
  4984 | D:6      | 4984 ||| SWAPPING to +1 heavy war axe.
  4985 | D:6      | 4985 ||| DROPPING +1 war axe.
  4995 | D:6      | Found a transporter.
  5033 | D:6      | Found a glowing silver altar of Zin.
  5033 | D:6      | Noticed an angel
  5053 | D:6      | Found a transporter.
  5180 | D:6      | 5180 ||| Stepping ~*~*~tactically~*~*~ (stealth).
  5186 | D:6      | Reached skill level 3 in Invocations
  5222 | D:6      | Reached skill level 6 in Axes
  5222 | D:6      | Reached XP level 8. HP: 47/48 MP: 10/10
  5288 | D:6      | Found a glowing drain.
  5289 | D:6      | 5289 ||| Stepping ~*~*~tactically~*~*~ (water).
  5298 | Sewer    | Entered a sewer
  5393 | Sewer    | 5393 ||| Stepping ~*~*~tactically~*~*~ (water).
  5497 | Sewer    | Reached ** piety under Okawaru
  5674 | Sewer    | 5674 ||| Stepping ~*~*~tactically~*~*~ (water).
  5837 | Sewer    | 5837 ||| READING scroll labelled CYVYLL BEUH.
  5838 | Sewer    | 5838 ||| DRINKING 2 fuming clear potions.
  5839 | Sewer    | 5839 ||| DROPPING potion of flight.
  5862 | D:6      | 5862 ||| PLANNING D:1-11
  5934 | D:5      | Reached skill level 7 in Axes
  6125 | D:5      | Reached skill level 1 in Throwing
  6142 | D:5      | 6142 ||| INVOKING Heroism.
  6147 | D:5      | HP: 12/49 [gnoll/+0 halberd (9)]
  6148 | D:5      | 6148 ||| READING scroll of teleportation.
  6149 | D:5      | 6149 ||| DRINKING 2 potions of heal wounds.
  6158 | D:5      | Reached skill level 8 in Axes
  6264 | D:5      | 6264 ||| UPGRADING to amulet of regeneration.
  6269 | D:5      | 6269 ||| READING scroll labelled VOILEA QULA.
  6359 | D:6      | 6359 ||| STAIRDANCE
  6363 | D:6      | 6363 ||| STAIRDANCE
  6368 | D:6      | 6368 ||| STAIRDANCE
  6371 | D:5      | Reached XP level 9. HP: 50/54 MP: 12/12
  6378 | D:5      | 6378 ||| INVOKING Heroism.
  6382 | D:5      | Reached skill level 6 in Fighting
 24711 | D:5      | 24711 ||| PLANNING D:1-11
 24731 | D:6      | 24731 ||| PLANNING D:1-11
 24755 | D:6      | 24755 ||| PLANNING D:1-11
 24755 | D:6      | 24755 ||| PLANNING D:1-11
 24755 | D:6      | 24755 ||| PLANNING D:1-11
 24791 | D:6      | 24791 ||| FLEEEEING.
 24793 | D:6      | 24793 ||| STAIRDANCE
 24803 | D:6      | 24803 ||| Stepping ~*~*~tactically~*~*~ (hiding).
 24804 | D:6      | 24804 ||| Stepping ~*~*~tactically~*~*~ (hiding).
 24805 | D:6      | 24805 ||| Stepping ~*~*~tactically~*~*~ (hiding).
 24889 | D:6      | 24889 ||| UPGRADING to +0 chain mail.
 24899 | D:6      | 24899 ||| DROPPING +0 scale mail.
 25380 | D:5      | Noticed a gargoyle
 25385 | D:5      | Reached skill level 9 in Axes
 25389 | D:5      | HP: 11/55 [gargoyle/+0 flail (15)]
 25390 | D:5      | 25390 ||| DRINKING potion of heal wounds.
 25395 | D:5      | Killed a gargoyle
 25604 | D:5      | 25604 ||| UPGRADING to +7 chain mail of ponderousness.
 25614 | D:5      | 25614 ||| DROPPING +0 chain mail.
 25678 | D:7      | 25678 ||| Stepping ~*~*~tactically~*~*~ (stealth).
 25679 | D:7      | 25679 ||| Stepping ~*~*~tactically~*~*~ (stealth).
 25746 | D:7      | HP: 14/56 [water moccasin (5)]
 25815 | D:7      | 25815 ||| DROPPING +0 flail.
 26007 | D:7      | Found a glowing golden altar of the Shining One.
 26045 | D:7      | 26045 ||| Stepping ~*~*~tactically~*~*~ (hiding).
 26271 | D:7      | 26271 ||| Stepping ~*~*~tactically~*~*~ (hiding).
 26277 | D:7      | 26277 ||| INVOKING Heroism.
 26286 | D:7      | Reached XP level 10. HP: 59/63 MP: 11/13
 26300 | D:7      | 26300 ||| PLANNING D:1-11
 26306 | D:7      | 26306 ||| INVOKING Heroism.
 26376 | D:7      | Found an ornate altar of the Wu Jian Council.
 26438 | D:7      | 26438 ||| Stepping ~*~*~tactically~*~*~ (stealth).
 26444 | D:7      | Glimpsed the power of Zot.
 26446 | D:7      | Reached skill level 10 in Axes
 26459 | D:7      | 26459 ||| UPGRADING to +0 plate armour.
 26469 | D:7      | 26469 ||| DRINKING 2 bubbling ruby potions.
 26470 | D:7      | 26470 ||| READING 3 scrolls of identify.
 26470 | D:7      | 26470 ||| IDENTIFYING yellow potion
 26471 | D:7      | 26471 ||| READING 2 scrolls of identify.
 26471 | D:7      | 26471 ||| IDENTIFYING bubbling clear potion
 26478 | D:8      | 26478 ||| STAIRDANCE
 26604 | D:8      | 26604 ||| Stepping ~*~*~tactically~*~*~ (stealth).
 26713 | D:8      | Reached skill level 6 in Armour
 26740 | D:8      | 26740 ||| INVOKING Heroism.
 26773 | D:8      | 26773 ||| DROPPING +3 flail.
 26812 | D:8      | 26812 ||| INVOKING Heroism.
 26837 | D:8      | 26837 ||| DROPPING +1 flail of protection.
 26848 | D:8      | Noticed a gargoyle
 26856 | D:8      | Killed a gargoyle
 26880 | D:8      | 26880 ||| Stepping ~*~*~tactically~*~*~ (hiding).
 26892 | D:8      | 26892 ||| Stepping ~*~*~tactically~*~*~ (stealth).
 27018 | D:8      | 27018 ||| INVOKING Heroism.
 27034 | D:8      | Found a bloodstained altar of Trog.
 27035 | D:8      | 27035 ||| Stepping ~*~*~tactically~*~*~ (stealth).
 27046 | D:8      | 27046 ||| DROPPING +0 heavy war axe.
 27051 | D:8      | Found a shimmering blue altar of Sif Muna.
 27296 | D:8      | 27296 ||| READING 2 scrolls of identify.
 27296 | D:8      | 27296 ||| IDENTIFYING sedimented silvery potion
 27297 | D:8      | 27297 ||| DROPPING potion of invisibility.
 27348 | D:9      | 27348 ||| INVOKING Heroism.
 27455 | D:9      | 27455 ||| Stepping ~*~*~tactically~*~*~ (hiding).
 27748 | D:9      | 27748 ||| Stepping ~*~*~tactically~*~*~ (stealth).
 27751 | D:9      | 27751 ||| Stepping ~*~*~tactically~*~*~ (stealth).
 27763 | D:9      | Reached skill level 11 in Axes
 27797 | D:9      | Noticed a two-headed ogre
 27798 | D:9      | 27798 ||| INVOKING Heroism.
 27807 | D:9      | Killed a two-headed ogre
 27807 | D:9      | Reached *** piety under Okawaru
 27808 | D:9      | Reached XP level 11. HP: 62/69 MP: 12/14
 27937 | D:9      | 27937 ||| INVOKING Heroism.
 28098 | D:9      | 28098 ||| READING 2 scrolls of identify.
 28098 | D:9      | 28098 ||| IDENTIFYING glowing yellow potion
 28116 | D:10     | Entered Level 10 of the Dungeon
 28165 | D:10     | 28165 ||| Stepping ~*~*~tactically~*~*~ (hiding).
 28166 | D:10     | 28166 ||| Stepping ~*~*~tactically~*~*~ (stealth).
 28171 | D:10     | Noticed Erica
 28172 | D:10     | 28172 ||| INVOKING Heroism.
 28175 | D:10     | Reached skill level 9 in Fighting
 28185 | D:10     | Killed Erica
 28354 | D:10     | 28354 ||| INVOKING Heroism.
 28371 | D:10     | Reached **** piety under Okawaru
 28372 | D:10     | Reached skill level 12 in Axes
 28384 | D:10     | Found a staircase to the Lair.
 28624 | D:10     | Found a hazy altar of Hepliaklqana.
 28680 | D:10     | 28680 ||| Stepping ~*~*~tactically~*~*~ (stealth).
 28681 | D:10     | 28681 ||| Stepping ~*~*~tactically~*~*~ (stealth).
 28714 | D:10     | Found a sparkling altar of Nemelex Xobeh.
 28827 | D:10     | Found a transporter.
 28827 | D:10     | Noticed a red ugly thing
 28828 | D:10     | Noticed a white ugly thing
 28830 | D:10     | Found a corrupted altar of Lugonu.
 28876 | D:10     | Noticed a two-headed ogre
 28877 | D:10     | 28877 ||| INVOKING Heroism.
 28879 | D:10     | Killed a two-headed ogre
 28879 | D:10     | Received a gift from Okawaru
 28880 | D:10     | Reached skill level 6 in Shields
 29057 | D:10     | Found a transporter.
 29057 | D:10     | Noticed a purple ugly thing
 29057 | D:10     | Noticed a white ugly thing
 29058 | D:10     | Noticed a large abomination
 29068 | D:10     | 29068 ||| PLANNING LAIR
 29068 | D:10     | 29068 ||| READING 2 scrolls of identify.
 29068 | D:10     | 29068 ||| IDENTIFYING dark potion
 29122 | Lair:1   | Entered Level 1 of the Lair of Beasts
 29202 | Lair:1   | 29202 ||| INVOKING Heroism.
 29216 | Lair:1   | Reached skill level 6 in Invocations
 29222 | Lair:1   | 29222 ||| INVOKING Heroism.
 29259 | Lair:1   | 29259 ||| READING scroll of enchant weapon.
 29259 | Lair:1   | 29259 ||| ENCHANTING +1 heavy war axe.
 29295 | Lair:1   | 29295 ||| INVOKING Heroism.
 29297 | Lair:1   | Received a gift from Okawaru
 29367 | Lair:1   | 29367 ||| READING scroll of enchant weapon.
 29367 | Lair:1   | 29367 ||| ENCHANTING +2 heavy war axe.
 29495 | Lair:1   | 29495 ||| Stepping ~*~*~tactically~*~*~ (stealth).
 29501 | Lair:1   | 29501 ||| Stepping ~*~*~tactically~*~*~ (stealth).
 29519 | Lair:1   | 29519 ||| INVOKING Heroism.
 29521 | Lair:1   | Reached XP level 12. HP: 49/76 MP: 14/17
 29596 | Lair:1   | Reached skill level 3 in Throwing
 29762 | Lair:1   | Reached ***** piety under Okawaru
 29905 | Lair:1   | 29905 ||| READING scroll labelled KAKUSE VOETUK.
 29906 | Lair:1   | 29906 ||| READING 3 scrolls of identify.
 29906 | Lair:1   | 29906 ||| IDENTIFYING viscous grey potion
 29907 | Lair:1   | 29907 ||| DROPPING potion of berserk rage.
 29945 | Lair:2   | 29945 ||| Stepping ~*~*~tactically~*~*~ (stealth).
 29954 | Lair:2   | 29954 ||| Stepping ~*~*~tactically~*~*~ (stealth).
 29955 | Lair:2   | 29955 ||| Stepping ~*~*~tactically~*~*~ (stealth).
 29956 | Lair:2   | 29956 ||| Stepping ~*~*~tactically~*~*~ (stealth).
 30058 | Lair:2   | 30058 ||| Stepping ~*~*~tactically~*~*~ (stealth).
 30059 | Lair:2   | 30059 ||| Stepping ~*~*~tactically~*~*~ (stealth).
 30090 | Lair:2   | 30090 ||| Stepping ~*~*~tactically~*~*~ (stealth).
 30095 | Lair:2   | 30095 ||| Stepping ~*~*~tactically~*~*~ (stealth).
 30105 | Lair:2   | 30105 ||| Stepping ~*~*~tactically~*~*~ (stealth).
 30107 | Lair:2   | 30107 ||| Stepping ~*~*~tactically~*~*~ (stealth).
 30110 | Lair:2   | 30110 ||| Stepping ~*~*~tactically~*~*~ (stealth).
 30124 | Lair:2   | 30124 ||| INVOKING Heroism.
 30129 | Lair:2   | Reached skill level 9 in Invocations
 30363 | Lair:2   | 30363 ||| INVOKING Heroism.
 30367 | Lair:2   | 30367 ||| Stepping ~*~*~tactically~*~*~ (stealth).
 30398 | Lair:2   | Received a gift from Okawaru
 30402 | Lair:2   | 30402 ||| INVOKING Heroism.
 30496 | Lair:2   | Found a staircase to the Swamp.
 30548 | Lair:2   | 30548 ||| INVOKING Heroism.
 30550 | Lair:2   | Noticed a death yak
 30551 | Lair:2   | 30551 ||| INVOKING Finesse.
 30556 | Lair:2   | Reached skill level 13 in Axes
 30562 | Lair:2   | Killed a death yak
 30706 | Lair:2   | Noticed a skyshark
 30715 | Lair:2   | 30715 ||| INVOKING Heroism.
 30772 | Lair:2   | Killed a skyshark
 30773 | Lair:2   | Reached XP level 13. HP: 69/82 MP: 20/20
 30985 | Lair:2   | Reached skill level 9 in Armour
 31100 | Lair:2   | 31100 ||| UPGRADING to +0 pair of gloves.
 31128 | Lair:3   | Found a staircase to the Snake Pit.
 31129 | Lair:3   | 31129 ||| Stepping ~*~*~tactically~*~*~ (hiding).
 31137 | Lair:3   | 31137 ||| Stepping ~*~*~tactically~*~*~ (hiding).
 31147 | Lair:3   | 31147 ||| INVOKING Heroism.
 31194 | Lair:3   | 31194 ||| INVOKING Heroism.
 31195 | Lair:3   | 31195 ||| INVOKING Finesse.
 31256 | Lair:3   | 31256 ||| Stepping ~*~*~tactically~*~*~ (stealth).
 31291 | Lair:3   | 31291 ||| INVOKING Heroism.
 31312 | Lair:3   | 31312 ||| INVOKING Heroism.
 31321 | Lair:3   | Reached skill level 14 in Axes
 31475 | Lair:3   | 31475 ||| INVOKING Heroism.
 31528 | Lair:3   | 31528 ||| INVOKING Heroism.
 31576 | Lair:3   | Found a white marble altar of Elyvilon.
 31583 | Lair:3   | Received a gift from Okawaru
 31597 | Lair:3   | 31597 ||| INVOKING Heroism.
 31870 | Lair:3   | 31870 ||| DROPPING amulet of guardian spirit.
 31871 | Lair:3   | 31871 ||| DROPPING amulet of magic regeneration.
 31914 | Lair:4   | 31914 ||| INVOKING Heroism.
 31915 | Lair:4   | 31915 ||| INVOKING Finesse.
 31987 | Lair:4   | 31987 ||| INVOKING Heroism.
 31988 | Lair:4   | 31988 ||| INVOKING Finesse.
 32272 | Lair:4   | 32272 ||| READING scroll of enchant weapon.
 32272 | Lair:4   | 32272 ||| ENCHANTING +3 heavy war axe.
 32291 | Lair:4   | 32291 ||| INVOKING Heroism.
 32583 | Lair:5   | Entered Level 5 of the Lair of Beasts
 32586 | Lair:5   | 32586 ||| STAIRDANCE
 32690 | Lair:5   | 32690 ||| STAIRDANCE
 32696 | Lair:4   | 32696 ||| INVOKING Heroism.
 32736 | Lair:5   | 32736 ||| STAIRDANCE
 32738 | Lair:4   | 32738 ||| INVOKING Heroism.
 32741 | Lair:4   | HP: 20/84 [skyshark (5)]
 32742 | Lair:4   | 32742 ||| READING 2 scrolls of teleportation.
 32743 | Lair:4   | 32743 ||| DRINKING potion of heal wounds.
 32760 | Lair:4   | 32760 ||| Stepping ~*~*~tactically~*~*~ (stealth).
 32807 | Lair:5   | 32807 ||| Stepping ~*~*~tactically~*~*~ (stealth).
 32809 | Lair:5   | 32809 ||| Stepping ~*~*~tactically~*~*~ (stealth).
 32821 | Lair:5   | Found a staircase to the Slime Pits.
 32846 | Lair:5   | 32846 ||| Stepping ~*~*~tactically~*~*~ (stealth).
 32848 | Lair:5   | 32848 ||| Stepping ~*~*~tactically~*~*~ (stealth).
 32850 | Lair:5   | 32850 ||| Stepping ~*~*~tactically~*~*~ (stealth).
 32852 | Lair:5   | 32852 ||| Stepping ~*~*~tactically~*~*~ (stealth).
 32854 | Lair:5   | 32854 ||| Stepping ~*~*~tactically~*~*~ (stealth).
 32858 | Lair:5   | 32858 ||| INVOKING Heroism.
 32886 | Lair:5   | Gained mutation: Your large and strong wings let you fly.
                  | [Gargoyle growth]
 32886 | Lair:5   | Reached XP level 14. HP: 59/90 MP: 21/21
 32891 | Lair:5   | 32891 ||| Stepping ~*~*~tactically~*~*~ (stealth).
 32918 | Lair:5   | 32918 ||| Stepping ~*~*~tactically~*~*~ (stealth).
 32920 | Lair:5   | 32920 ||| Stepping ~*~*~tactically~*~*~ (stealth).
 32944 | Lair:5   | Reached skill level 15 in Axes
 33124 | Lair:5   | 33124 ||| Stepping ~*~*~tactically~*~*~ (stealth).
 33168 | Lair:5   | 33168 ||| READING 2 scrolls of acquirement.
 33168 | Lair:5   | 33168 ||| ACQUIRING +4 broad axe of freezing
 33168 | Lair:5   | Acquired a +4 broad axe of freezing
 33170 | Lair:5   | 33170 ||| SWAPPING to +4 broad axe of freezing.
 33171 | Lair:5   | 33171 ||| DROPPING +4 heavy war axe.
 33172 | Lair:5   | 33172 ||| READING scroll of acquirement.
 33172 | Lair:5   | 33172 ||| ACQUIRING -2 kite shield of the New World {rElec
                  | rN+++ Int-3 SInv}
 33172 | Lair:5   | Acquired the -2 kite shield of the New World {rElec rN+++
                  | Int-3 SInv}
 33173 | Lair:5   | 33173 ||| UPGRADING to +0 pair of boots.
 33179 | Lair:5   | 33179 ||| UPGRADING to -2 kite shield of the New World
                  | {rElec rN+++ Int-3 SInv}.
 33189 | Lair:5   | 33189 ||| DROPPING +0 buckler.
 33204 | Lair:5   | 33204 ||| Stepping ~*~*~tactically~*~*~ (stealth).
 33206 | Lair:5   | 33206 ||| INVOKING Heroism.
 33207 | Lair:5   | 33207 ||| INVOKING Finesse.
 33210 | Lair:5   | 33210 ||| SWAPPING to +1 morningstar of freezing.
 33218 | Lair:5   | 33218 ||| SWAPPING to +4 broad axe of freezing.
 33221 | Lair:5   | 33221 ||| Stepping ~*~*~tactically~*~*~ (stealth).
 33227 | Lair:5   | 33227 ||| Stepping ~*~*~tactically~*~*~ (stealth).
 33241 | Lair:5   | Identified the +3 buckler "Roecwoj" {rElec rC+} (Okawaru
                  | gifted it to you on level 5 of the Lair of Beasts)
 33241 | Lair:5   | Received a gift from Okawaru
 33631 | Lair:5   | Noticed a dire elephant
 33631 | Lair:5   | Noticed a dire elephant
 33631 | Lair:5   | Noticed a dire elephant
 33633 | Lair:5   | Noticed a dire elephant
 33638 | Lair:5   | 33638 ||| Stepping ~*~*~tactically~*~*~ (stealth).
 33642 | Lair:5   | 33642 ||| Stepping ~*~*~tactically~*~*~ (stealth).
 33670 | Lair:5   | Noticed a dire elephant
 33671 | Lair:5   | 33671 ||| INVOKING Heroism.
 33673 | Lair:5   | 33673 ||| Stepping ~*~*~tactically~*~*~ (stealth).
 33687 | Lair:5   | Killed a dire elephant
 33690 | Lair:5   | Noticed a dire elephant
 33708 | Lair:5   | Killed a dire elephant
 33765 | Lair:5   | 33765 ||| INVOKING Heroism.
 33766 | Lair:5   | 33766 ||| INVOKING Finesse.
 33769 | Lair:5   | Reached skill level 9 in Shields
 33831 | Lair:5   | 33831 ||| INVOKING Heroism.
 33832 | Lair:5   | 33832 ||| INVOKING Finesse.
 33902 | Lair:5   | 33902 ||| INVOKING Heroism.
 33915 | Lair:5   | Killed a dire elephant
 33927 | Lair:5   | HP: 17/91 [dire elephant (21)]
 33928 | Lair:5   | 33928 ||| READING scroll of teleportation.
 33928 | Lair:5   | HP: 6/91 [dire elephant (13)]
 33929 | Lair:5   | Killed a dire elephant
 34044 | Lair:5   | 34044 ||| Stepping ~*~*~tactically~*~*~ (stealth).
 34141 | Lair:5   | 34141 ||| Stepping ~*~*~tactically~*~*~ (stealth).
 34174 | Lair:5   | 34174 ||| READING scroll of enchant weapon.
 34174 | Lair:5   | 34174 ||| ENCHANTING +4 broad axe of freezing.
 34247 | Lair:5   | 34247 ||| INVOKING Heroism.
 34257 | Lair:5   | Killed a dire elephant
 34268 | Lair:5   | Killed a dire elephant
 34309 | Lair:5   | 34309 ||| PLANNING D:1-11
 34309 | Lair:5   | 34309 ||| UPGRADING to +2 pair of gloves.
 34319 | Lair:5   | 34319 ||| DROPPING +0 pair of gloves.
 34584 | D:11     | 34584 ||| Stepping ~*~*~tactically~*~*~ (hiding).
 34585 | D:11     | 34585 ||| Stepping ~*~*~tactically~*~*~ (hiding).
 34587 | D:11     | 34587 ||| Stepping ~*~*~tactically~*~*~ (hiding).
 34662 | D:11     | 34662 ||| INVOKING Heroism.
 34797 | D:11     | Reached skill level 12 in Shields
 34804 | D:11     | 34804 ||| INVOKING Heroism.
 35017 | D:11     | 35017 ||| INVOKING Heroism.
 35093 | D:11     | 35093 ||| Stepping ~*~*~tactically~*~*~ (stealth).
 35095 | D:11     | 35095 ||| Stepping ~*~*~tactically~*~*~ (stealth).
 35100 | D:11     | Found a staircase to the Orcish Mines.
 35115 | D:11     | Reached XP level 15. HP: 91/96 MP: 22/22
 35199 | D:11     | Received a gift from Okawaru
 35333 | D:11     | 35333 ||| Stepping ~*~*~tactically~*~*~ (hiding).
 35354 | D:11     | 35354 ||| PLANNING D
 35354 | D:11     | 35354 ||| DRINKING 2 cyan potions.
 35481 | D:12     | Noticed Josephine
 35490 | D:12     | Killed Josephine
 35529 | D:12     | Noticed Urug
 35530 | D:12     | 35530 ||| INVOKING Heroism.
 35536 | D:12     | Killed Urug
 35537 | D:12     | Reached skill level 12 in Fighting
 35557 | D:12     | 35557 ||| DROPPING +1 morningstar of freezing.
 35793 | D:12     | 35793 ||| Stepping ~*~*~tactically~*~*~ (stealth).
 35799 | D:12     | 35799 ||| INVOKING Heroism.
 35945 | D:12     | Noticed Sonja
 35961 | D:12     | Killed Sonja
 36042 | D:12     | Received a gift from Okawaru
 36324 | D:12     | 36324 ||| Stepping ~*~*~tactically~*~*~ (hiding).
 36332 | D:12     | 36332 ||| Stepping ~*~*~tactically~*~*~ (hiding).
 36349 | D:12     | 36349 ||| Stepping ~*~*~tactically~*~*~ (hiding).
 36511 | D:12     | 36511 ||| UPGRADING to +4 ring of protection.
 36512 | D:12     | 36512 ||| READING scroll labelled VOKLEAG VUTOJE.
 36613 | D:12     | 36613 ||| READING scroll labelled VIAM RUDOU.
 36643 | D:13     | 36643 ||| INVOKING Heroism.
 36648 | D:13     | 36648 ||| SWAPPING to +3 broad axe of flaming.
 36652 | D:13     | 36652 ||| SWAPPING to +5 broad axe of protection.
 36668 | D:13     | 36668 ||| Stepping ~*~*~tactically~*~*~ (hiding).
 36719 | D:13     | Noticed Jorgrun
 36720 | D:13     | 36720 ||| Stepping ~*~*~tactically~*~*~ (stealth).
 36722 | D:13     | 36722 ||| INVOKING Heroism.
 36746 | D:13     | Killed Jorgrun
 36775 | D:13     | 36775 ||| Stepping ~*~*~tactically~*~*~ (hiding).
 36779 | D:13     | 36779 ||| INVOKING Heroism.
 36779 | D:13     | HP: 20/96 [centaur warrior/arrow (15)]
 36780 | D:13     | 36780 ||| READING scroll of teleportation.
 36782 | D:13     | HP: 2/96 [centaur warrior/+0 dagger (10)]
 36784 | D:13     | Slain by a centaur warrior

Levels and vault maps discovered:
D:1:      onia_arrival_handbag, layout_loops_cross
D:2:      minmay_chambers_of_ones, layout_loops_corners, basic_altar,
          chequers_ecumenical_altar_island, minmay_goblin_outpost
D:3:      minmay_wonky_spiral, layout_basic, ashenzari_altar_1,
          nicolae_elyvilon_temple_path
D:4:      layout_basic, kennysheep_mini, minmay_temple_entry_slanted,
          serial_corexii_hall, corexii_hall_statues_u, corexii_hall_statues_x,
          chequers_hall_statues_y, corexii_hall_statues_l,
          gammafunk_ghost_cemetery, minivault_26
D:5:      kennysheep_windowed_halls, layout_cave_pods, serial_shops, shop,
          nrook_campfire, uniq_sigmund
D:6:      layout_basic, tgw_kikubaaqudgha, zin_angel, portal_sewer_entry_e,
          gammafunk_ghost_arena
D:7:      layout_loops_ring, kennysheep_mini_moat, nicolae_tso_carved_into_rock
D:8:      layout_basic, nzn_overflow_gifts_of_might_and_magic
D:9:      layout_cave_pods
D:10:     gammafunk_corrupted_shrine, layout_loops_corners,
          nicolae_hepliaklqana_monster_ancestors,
          nemelex_xobeh_ov_fountains_minmay, hellmonk_lair_entry_icy, uniq_erica
D:11:     layout_loops_corners, david_orc_3
D:12:     layout_basic, serial_aquarium, aquarium_bridge_straight
          [aquarium_subvault_bridge, aquarium_subvault_wall,
          aquarium_subvault_bridge, aquarium_subvault_wall],
          aquarium_window_fake, aquarium_window_1, aquarium_view_2c,
          aquarium_balcony_1b, aquarium_pool_side, uniq_josephine, uniq_sonja,
          uniq_urug
D:13:     layout_rooms, grunt_vaults_entry_tiered, uniq_jorgrun
Temple:   minmay_temple_curvy_loop
Lair:1:   layout_gridlike, serial_bayou_shore_b
Lair:2:   layout_cave_pods, minmay_swamp_entry_reptiles, serial_bayou_shore_a,
          lemuel_fruit_tree, grunt_megastairs_2
Lair:3:   layout_loops_ring, guppyfry_snake_entry_garden, basic_altar
Lair:4:   layout_misc_corridors, lemuel_fruit_fields
Lair:5:   due_jungle_book, layout_misc_corridors, slime_entry_1

Skill      XL: |  1  2  3  4  5  6  7  8  9 10 11 12 13 14 15 |
---------------+----------------------------------------------+-----
Axes           | 2 3 4 5 6 8 9 11 12 13 14 15 | 15.6
Fighting       | 4 5 7 8 9 10 11 12 | 12.0
Dodging        | 2 |  2.7
Invocations    | 3 4 6 10 | 10.0
Throwing       | 1 2 3 4 5 |  5.2
Armour         | 5 7 8 10 11 | 11.0
Shields        | 4 5 6 7 12 | 12.0

Action                     |  1- 3 |  4- 6 |  7- 9 | 10-12 | 13-15 || total
---------------------------+-------+-------+-------+-------+-------++-------
  Melee: War axe           |   150 |   165 |   273 |   404 |   192 ||  1184
         Broad axe         |       |       |       |       |   378 ||   378
         Morningstar       |       |       |       |       |     7 ||     7
  Throw: Boomerang         |       |       |    90 |    87 |    29 ||   206
         Javelin           |       |       |       |    21 |   105 ||   126
 Invoke: Heroism           |       |       |     6 |    19 |    27 ||    52
         Finesse           |       |       |       |     1 |     6 ||     7
    Use: Scroll            |     6 |     5 |     4 |     9 |     9 ||    33
         Potion            |     2 |     2 |     5 |     1 |     2 ||    12
 Armour: Scale mail        |    96 |    70 |   151 |       |       ||   317
         Chain mail        |       |       |    54 |     4 |       ||    58
         Plate armour      |       |       |       |   337 |   361 ||   698
  Dodge: Dodged            |    64 |    56 |   208 |   174 |   179 ||   681
  Block: Buckler           |    34 |    22 |    69 |   106 |    78 ||   309
         Kite shield       |       |       |       |       |   143 ||   143

Table legend:
 A = Non-vault XP
 B = Vault XP
 C = Vault XP percentage of total XP
 D = Non-vault monster count
 E = Vault monster count
 F = Vault count percentage of total count
                 A         B        C        D         E       F
            +---------+---------+-------+---------+---------+-------
      Total |   68700 |   29328 |  29.9 |     399 |     146 |  26.8
            +---------+---------+-------+---------+---------+-------
        D:1 |      30 |       5 |  14.3 |      18 |       4 |  18.2
        D:2 |      70 |      17 |  19.5 |      19 |      10 |  34.5
        D:3 |      93 |       5 |   5.1 |      19 |       4 |  17.4
        D:4 |     141 |       0 |   0.0 |      14 |       0 |   0.0
        D:5 |     791 |    1668 |  67.8 |      24 |      21 |  46.7
        D:6 |     880 |      25 |   2.8 |      22 |       8 |  26.7
        D:7 |    1020 |       0 |   0.0 |      19 |       0 |   0.0
        D:8 |    1866 |     490 |  20.8 |      23 |       2 |   8.0
        D:9 |    2516 |       0 |   0.0 |      23 |       0 |   0.0
       D:10 |    3402 |    2606 |  43.4 |      22 |      14 |  38.9
       D:11 |    6768 |     188 |   2.7 |      23 |       6 |  20.7
       D:12 |    2424 |    3291 |  57.6 |      10 |       7 |  41.2
       D:13 |    2720 |    1877 |  40.8 |       5 |       1 |  16.7
     Lair:1 |    5836 |       0 |   0.0 |      26 |       0 |   0.0
     Lair:2 |    9820 |    1431 |  12.7 |      38 |       7 |  15.6
     Lair:3 |    8307 |     476 |   5.4 |      28 |       3 |   9.7
     Lair:4 |    7997 |       0 |   0.0 |      20 |       0 |   0.0
     Lair:5 |   14019 |   17077 |  54.9 |      46 |      27 |  37.0
      Sewer |       0 |     172 | 100.0 |       0 |      32 | 100.0
            +---------+---------+-------+---------+---------+-------
